 Dungeon Crawl Stone Soup version 0.25.1-9-gc5326a611f (webtiles) character file.

Game seed: 3683651064794640033

37 RETERIOR the Stinger (level 3, -9/26 HPs)
             Began as a Draconian Venom Mage on Jan 2, 2021.
             Blown up by Ijyb (12 damage)
             ... with a disintegration bolt
             ... on level 3 of the Dungeon.
             The game lasted 00:06:28 (1829 turns).

RETERIOR the Stinger (Draconian Venom Mage)         Turns: 1829, Time: 00:06:29

Health: -9/26      AC:  6    Str: 10    XL:     3   Next: 21%
Magic:  6/6        EV: 12    Int: 16    God:
Gold:   100        SH:  0    Dex: 11    Spells: 5/6 levels left

rFire    . . .     SeeInvis .   m - +0 club
rCold    . . .     Gourm    .   (no shield)
rNeg     . . .     Faith    .   (armour unavailable)
rPois    .         Spirit   .   (helmet restricted)
rElec    .         Reflect  .   (no cloak)
rCorr    .         Harm     .   f - +0 pair of gloves
MR       .....                  (no boots)
Stlth    ++........             (no amulet)
HPRegen  0.08/turn              (no ring)
MPRegen  0.10/turn              (no ring)

@: no status effects
A: unfitting armour, cold-blooded, AC +5
a: no special abilities


You were on level 3 of the Dungeon.
You were not hungry.

You visited 1 branch of the dungeon, and saw 3 of its levels.

You collected 100 gold pieces.

Inventory:

Hand Weapons
 c - a cursed -2 falchion
 l - a cursed +0 mace
 m - a +0 club (weapon)
Armour
 f - a +0 pair of gloves (worn)
Scrolls
 h - a scroll of remove curse
Comestibles
 a - 3 chunks of flesh
 b - 3 rations


   Skills:
 + Level 2.0 Dodging
 + Level 2.1 Stealth
 + Level 0.2 Unarmed Combat
 + Level 2.2 Spellcasting
 + Level 1.2 Transmutations
 + Level 3.6 Poison Magic


You had 5 spell levels left.
You knew the following spells:

 Your Spells              Type           Power        Failure   Level  Hunger
a - Sting                 Tmut/Pois      #...         8%          1    #......

Your spell library contained the following spells:

 Spells                   Type           Power        Failure   Level  Hunger
 Poisonous Vapours        Pois/Air       #.....       14%         2    ###....
 Ignite Poison            Fire/Tmut/Pois #.......     30%         3    ###....
 Mephitic Cloud           Conj/Pois/Air  #.......     36%         3    ###....
 Olgreb's Toxic Radiance  Pois           ##......     41%         4    #####..


Dungeon Overview and Level Annotations

Branches:
Dungeon (3/15)

Altars:
Dithmenos
The Shining One

Annotations:
D:3 Ijyb


Innate Abilities, Weirdness & Mutations

Your plain brown scales are hard. (AC +5)
You cannot fit into any form of body armour.
You are cold-blooded and may be slowed by cold attacks.


Message History

Casting: Sting (safe; 8% risk of failure)
Confirm with . or Enter, or press ? or * to list all spells.
Aiming: Sting (safe; 8% risk of failure)
Press: ? - help, Shift-Dir - straight line, f - orc priest
Aim: an orc priest, wielding a +0 falchion The sting misses the orc priest.
Ijyb barely misses you.
Ijyb zaps a wand.
You are blasted!
Ouch! That really hurt!
The orc priest mumbles some strange prayers to Beogh against you.
Pain shoots through your body!
* * * LOW HITPOINT WARNING * * *
Ijyb screams, "Me very upset!"
Ijyb zaps a wand.
You barely resist.
The orc priest calls down the wrath of Beogh upon you.
You barely resist.
The orc priest casts a cantrip, but nothing happens.
Ijyb zaps a wand.
You are blasted!
* * * LOW HITPOINT WARNING * * *
Ijyb zaps a wand.
You are blasted!
You die...

### ..#####
########.##..
#..goo.#.##.#
#@####.#.##.######
#.##.....#...?...#
#.##.#..o.%...#
#.##.#####....#
#.<# .$.........
#### ####...###..
...... . ...#...#
.......##


You could see Ijyb and 2 orcs.

Vanquished Creatures
  An ooze (D:2)
  A worm (D:2)
  A dart slug (D:1)
  A ball python (D:1)
  A giant cockroach (D:2)
  3 goblins
  5 hobgoblins
  2 jackals (D:1)
  A quokka (D:2)
  A bat (D:2)
  A frilled lizard (D:1)
  3 kobolds
  6 rats
27 creatures vanquished.

Notes
Turn   | Place    | Note
-------+----------+-------------------------------------------
     0 | D:1      | RETERIOR the Draconian Venom Mage began the quest for the
                  | Orb.
     0 | D:1      | Reached XP level 1. HP: 14/14 MP: 3/3
   249 | D:1      | Reached XP level 2. HP: 11/20 MP: 0/5
  1107 | D:2      | Found a shadowy altar of Dithmenos.
  1231 | D:2      | Reached XP level 3. HP: 15/26 MP: 0/6
  1401 | D:2      | Found a glowing golden altar of the Shining One.
  1812 | D:3      | Noticed Ijyb
  1829 | D:3      | Blown up by Ijyb

Illustrated notes

Levels and vault maps discovered:
D:1:      saegor_arrival_simple_a, layout_rooms
D:2:      layout_loops_ring, lemuel_coloured_pillars_altar,
          nicolae_overflow_crystal_walls, serial_park_tiny_pond
D:3:      layout_basic, first_ration, uniq_sigmund, uniq_ijyb, uniq_grinder

Skill      XL: |  1  2 |
---------------+-------+-----
Dodging        | 2 |  2.0
Stealth        | 2 |  2.1
Unarmed Combat | |  0.2
Spellcasting   | |  2.2
Transmutations | |  1.2
Poison Magic   | |  3.6

Action                   || total
-------------------------++-------
Melee: Unarmed           ||    39
       Tailslap          ||     6
       Club              ||     6
 Cast: Sting             ||    45
  Use: Scroll            ||     6
       Potion            ||     2
  Eat: Ration            ||     1
Armor: Skin              ||    16
Dodge: Dodged            ||    44
